 Dungeon Crawl Stone Soup version 0.24.0-37-gcf1ca852f1 (webtiles) character file.

Game seed: 12120845540002556179, levelgen mode: deterministic

14729 DildoBatman the Artisan of Death (level 12, -3/91 HPs)
             Began as a Formicid Wizard on Dec 2, 2019.
             Was a Priest of Kikubaaqudgha.
             Slain by an orc warrior
             ... wielding a cursed -3 mace
              (7 damage)
             ... while petrified by Jorgrun
             ... on level 1 of the Orcish Mines on Dec 3, 2019.
             The game lasted 01:02:57 (13378 turns).

DildoBatman the Artisan of Death (Formicid Wizard) Turns: 13378, Time: 01:02:57

Health: -3/91      AC:  6    Str: 12    XL:     12   Next: 48%
Magic:  38/38      EV: -1    Int: 26    God:    Kikubaaqudgha [***...]
Gold:   536        SH:  0    Dex:  9    Spells: 6/25 levels left

rFire    + . .     SeeInvis +   b - staff of power
rCold    + . .     Gourm    +   (no shield)
rNeg     + + +     Faith    .   U - +2 robe {rC+}
rPois    ∞         Spirit   .   (helmet unavailable)
rElec    .         Reflect  .   R - scarf {repulsion}
rCorr    .         Harm     .   H - +1 pair of gloves "Goskargh" {Int+3 Stlth-}
MR       +....                  (no boots)
Stlth    +.........             g - amulet of the gourmand
HPRegen  0.25/turn              p - +2 ring of evasion
MPRegen  0.26/turn              h - ring of protection from fire

@: lethally poisoned (-3 -> -3), petrified, grasped by roots, constricted, repel
missiles
A: permanent stasis, dig shafts and tunnels, four strong arms, antennae 3
a: Dig, Shaft Self, Receive Corpses, Renounce Religion


You were on level 1 of the Orcish Mines.
You worshipped Kikubaaqudgha.
Kikubaaqudgha was most pleased with you.
You were full.

You visited 3 branches of the dungeon, and saw 14 of its levels.
You also visited: Bailey.

You collected 783 gold pieces.
You spent 247 gold pieces at shops.

Inventory:

Hand Weapons
 a - the +10 great sword "Syimun" {venom, rElec}
   (You took it off a gnoll sergeant in a bailey)

   It poisons the flesh of those it strikes.
   It insulates you from electricity.
 c - a +0 hunting sling of velocity
 e - a +3 halberd of freezing
Missiles
 j - 148 bolts
 m - 361 stones
 q - 221 arrows
 F - 47 sling bullets
 J - 22 javelins (quivered)
 L - 3 boomerangs
 M - 11 throwing nets
 S - 10 poisoned darts
Armour
 n - a +0 cloak
 H - the +1 pair of gloves "Goskargh" (worn) {Int+3 Stlth-}
   (You bought it in a shop on level 7 of the Dungeon)

   It affects your intelligence (+3).
   It makes you less stealthy.
 R - a scarf of repulsion (worn)
 U - a +2 robe of cold resistance (worn)
Magical Staves
 b - an uncursed staff of power (weapon)
 u - an uncursed staff of air
 K - an uncursed staff of death
Jewellery
 g - an amulet of the gourmand (around neck)
 h - a ring of protection from fire (right hand)
 p - a +2 ring of evasion (left hand)
 E - an uncursed ring of flight
 T - an uncursed ring of ice
Wands
 f - a wand of paralysis (20)
 C - a wand of polymorph (15)
 Q - a wand of disintegration (29)
Scrolls
 l - 5 scrolls of enchant armour
 s - 5 scrolls of amnesia
 x - 2 scrolls of remove curse
 z - 6 scrolls of identify
 A - 3 scrolls of enchant weapon
 B - 2 scrolls of immolation {unknown}
 G - a scroll of acquirement {unknown}
 I - a scroll of noise {unknown}
Potions
 d - a potion of mutation {unknown}
 i - 4 potions of flight
 k - 3 potions of lignification
 o - 6 potions of curing
 r - 2 potions of magic {unknown}
 t - a potion of might
 w - 2 potions of agility
 D - a potion of berserk rage {unknown}
 P - a potion of haste {unknown}
Miscellaneous
 y - a lamp of fire
 N - a sack of spiders
 O - a box of beasts
Comestibles
 v - 20 rations


   Skills:
 - Level 7.2 Fighting
 - Level 7.2 Armour
 - Level 6.4 Dodging
 - Level 2.4 Stealth
 - Level 7.4 Spellcasting
 - Level 6.0 Conjurations
   Level 1.0 Summonings
 * Level 9.1 Necromancy
   Level 0.8 Translocations
 - Level 6.1 Fire Magic
 - Level 5.1 Air Magic


You had 6 spell levels left.
You knew the following spells:

 Your Spells              Type           Power        Failure   Level  Hunger
a - Conjure Flame         Conj/Fire      #####...     1%          3    None
b - Sublimation of Blood  Necr           ######....   1%          2    None
c - Magic Dart            Conj           ####         1%          1    None
e - Mephitic Cloud        Conj/Pois/Air  ####....     4%          3    None
f - Bolt of Draining      Conj/Necr      #####.....   8%          5    #####..
h - Dispel Undead         Necr           ######..     4%          5    #####..

Your spell library contained the following spells:

 Spells                   Type           Power        Failure   Level  Hunger
 Animate Skeleton         Necr           N/A          1%          1    None
 Pain                     Necr           ####         1%          1    None
 Shock                    Conj/Air       ####         1%          1    None
 Sting                    Conj/Pois      ####         1%          1    None
 Corpse Rot               Necr           N/A          1%          2    None
 Static Discharge         Conj/Air       #####...     1%          3    None
 Vampiric Draining        Necr           ######....   1%          3    None
 Animate Dead             Necr           N/A          1%          4    ##.....
 Poisonous Vapours        Pois/Air       ###...       3%          2    None
 Swiftness                Chrm/Air       ###.....     3%          2    None
 Agony                    Necr           ######..     4%          5    #####..
 Dazzling Spray           Conj/Hex       ####..       5%          3    None
 Corona                   Hex            #......      6%          1    None
 Call Imp                 Summ           ##......     6%          2    None
 Airstrike                Air            #####.....   8%          4    ##.....
 Ensorcelled Hibernation  Hex/Ice        #.....       9%          2    None
 Slow                     Hex            #.......     9%          2    None
 Lightning Bolt           Conj/Air       #####.....   17%         5    #####..
 Confuse                  Hex            #.......     19%         3    None
 Tukima's Dance           Hex            #.......     19%         3    None
 Death Channel            Necr           ######....   22%         6    ######.
 Excruciating Wounds      Chrm/Necr      ####......   26%         5    #####..
 Venom Bolt               Conj/Pois      ####......   43%         5    #####..
 Olgreb's Toxic Radiance  Pois           #.......     52%         4    ##.....
 Simulacrum               Ice/Necr       ####......   82%         6    ######.
 Freezing Cloud           Conj/Ice/Air   ####......   90%         6    ######.
 Ring of Flames           Chrm/Fire      ####......   100%        7    #######
 Blink                    Tloc           Unusable     N/A         2    N/A

Dungeon Overview and Level Annotations

Branches:
Dungeon (12/15)            Temple (1/1) D:7            Lair (0/6) D:11
    Orc (1/2) D:12         Bailey (visited)

Altars:
Ashenzari
Cheibriados
Dithmenos
Elyvilon
Fedhas
Gozag
Hepliaklqana
Kikubaaqudgha
Makhleb
Nemelex Xobeh
Okawaru
Qazlal
Ru
Sif Muna
Trog
Uskayaw
Vehumet
Wu Jian
Xom
Yredelemnul
Zin
The Shining One

Shops:
D:5 :   D:7 [

Annotations:
D:1 Robin
D:3 Edmund, Sigmund
D:4 1 exclusion
D:5 3 runed translucent doors, exclusion: orc priest, KamiKatze's ghost, novice CeFi
Orc:1 Erolcha; Jorgrun; Josephine; Sonja


Innate Abilities, Weirdness & Mutations

You cannot be hasted, slowed, berserked, paralysed or teleported.
You can dig through walls and to a lower floor.
Your four strong arms can wield two-handed weapons with a shield.
You have a pair of large antennae on your head. (SInv)


Message History

Your limbs are stiffening.
Okay, then.
Are you sure you want to shaft yourself?
You hear a grinding noise.
The orc warrior throws a boomerang.
The boomerang hits you.
The weapon returns to the orc warrior!
You have turned to stone.
The orc warrior hits you with a cursed -3 mace!
The orc warrior hits you from afar with a +0 halberd!!
The orc warrior throws a boomerang.
The boomerang hits you!!
The weapon returns to the orc warrior!
Jorgrun points at you and mumbles some strange words.
Roots burst forth from the earth!
The grasping roots grab you! The grasping roots constrict you!
The orc warrior hits you with a cursed -3 mace!
You die...
Kikubaaqudgha rasps: "You have failed me!
Welcome... oblivion!"

## #.# ##.#
#@## #.#o#
###.o.##
####...##.#
##{#....#.##
##{#.g.##.##
##.###o# ###
##.###o#
#.##


o You could see Jorgrun, 3 orc warriors and an orc priest.

Vanquished Creatures
  Fannar (D:10)
  Harold (D:9)
  A hydra (D:11)
  A two-headed ogre (D:11)
  Urug (D:10)
  An unseen horror (D:7)
  2 ugly things
  A manticore (D:12)
  A cyclops (D:12)
  Psyche (D:9)
  Maurice (D:10)
  A komodo dragon (D:11)
  3 centaur skeletons
  A troll (D:9)
  A merfolk (D:9)
  Prince Ribbit (D:9)
  14 yaks
  6 vampire mosquitoes
  A soldier ant (D:12)
  2 ice beasts
  A sky beast (D:10)
  2 orc warriors
  3 black bears
  2 phantoms (D:11)
  2 ogres
  3 centaurs
  2 big kobolds
  5 bullfrogs
  8 gnoll sergeants (Bailey)
  A scorpion (D:2)
  9 killer bees
  8 wights
  2 howler monkeys (D:4)
  A centaur zombie (D:7)
  A crimson imp (D:10)
  6 gnoll shamans (Bailey)
  7 hounds
  2 jellies
  4 orc priests
  4 bullfrog skeletons
  3 iguanas
  3 orc wizards
  2 worker ants
  A worker ant zombie (D:4)
  15 gnolls
  14 adders
  A shadow imp (D:9)
  An adder skeleton (D:4)
  3 worms
  A dart slug (D:3)
  9 leopard geckos
  13 orcs
  5 giant cockroaches
  12 goblins
  8 hobgoblins
  7 jackals
  6 quokkas
  7 bats
  4 frilled lizards
  A giant cockroach zombie (D:5)
  13 kobolds
  A leopard gecko skeleton (D:4)
  A quokka zombie (D:6)
  10 rats
256 creatures vanquished.

Vanquished Creatures (others)
  2 plants (D:11)
2 creatures vanquished.

Grand Total: 258 creatures vanquished

Notes
Turn   | Place    | Note
-------+----------+-------------------------------------------
     0 | D:1      | DildoBatman the Formicid Wizard began the quest for the
                  | Orb.
     0 | D:1      | Reached XP level 1. HP: 13/13 MP: 4/4
    52 | D:1      | You fall into a shaft and drop 1 floor!
    57 | D:2      | Reached skill level 1 in Conjurations
   444 | D:2      | Reached XP level 2. HP: 19/19 MP: 0/6
   773 | D:2      | Noticed Robin
  1343 | D:1      | Reached XP level 3. HP: 24/24 MP: 4/7
  1348 | D:1      | Learned a level 3 spell: Conjure Flame
  1352 | D:1      | Learned a level 3 spell: Mephitic Cloud
  1906 | D:2      | Reached XP level 4. HP: 16/30 MP: 0/8
  2400 | D:2      | Found a white marble altar of Elyvilon.
  2404 | D:2      | Found a blossoming altar of Fedhas.
  2636 | D:2      | Reached XP level 5. HP: 35/35 MP: 2/9
  3101 | D:3      | Reached XP level 6. HP: 41/41 MP: 4/10
  3154 | D:3      | Noticed Sigmund
  3243 | D:3      | Reached skill level 5 in Conjurations
  3285 | D:3      | Found a bloodstained altar of Trog.
  3349 | D:3      | Found a snail-covered altar of Cheibriados.
  4051 | D:4      | Found a radiant altar of Vehumet.
  4151 | D:4      | Reached XP level 7. HP: 46/46 MP: 6/11
  4466 | D:5      | Entered Level 5 of the Dungeon
  4466 | D:5      | Noticed Edmund
  4535 | D:5      | Found a runed translucent gate.
  4535 | D:5      | Found a runed translucent gate.
  4535 | D:5      | Found a runed translucent gate.
  4535 | D:5      | Found an opulent altar of Gozag.
  4536 | D:5      | Noticed an unseen horror
  4537 | D:5      | Noticed KamiKatze's ghost (novice CeFi)
  4673 | D:5      | Reached skill level 1 in Fire Magic
  4673 | D:5      | Reached skill level 1 in Air Magic
  4744 | D:5      | Found an iron altar of Okawaru.
  4767 | D:5      | Found a basalt altar of Yredelemnul.
  4878 | D:5      | Found a shadowy altar of Dithmenos.
  4885 | D:5      | Found Iferr's Book Shop.
  5074 | D:6      | Reached XP level 8. HP: 52/52 MP: 4/12
  5136 | D:6      | Found a shimmering blue altar of Sif Muna.
  5453 | D:6      | Found an ornate altar of the Wu Jian Council.
  5826 | D:6      | Found a shimmering blue altar of Sif Muna.
  5892 | D:7      | Found a staircase to the Ecumenical Temple.
  5900 | Temple   | Entered the Ecumenical Temple
  6200 | D:7      | Found Asopoi's Antique Armour Emporium.
  6677 | D:7      | Noticed an unseen horror
  6829 | D:7      | Killed an unseen horror
  6829 | D:7      | Reached skill level 5 in Air Magic
  6829 | D:7      | Reached XP level 9. HP: 25/57 MP: 9/13
  7111 | D:7      | Found an ancient bone altar of Kikubaaqudgha.
  7304 | D:7      | Bought a pair of brightly glowing gloves for 247 gold
                  | pieces
  7309 | D:7      | Identified the +1 pair of gloves "Goskargh" {Int+3 Stlth-}
                  | (You bought it in a shop on level 7 of the Dungeon)
  7344 | D:7      | Became a worshipper of Kikubaaqudgha
  7408 | D:8      | Found a flagged portal.
  7472 | D:8      | Reached skill level 1 in Fighting
  7472 | D:8      | Reached skill level 1 in Armour
  7472 | D:8      | Reached skill level 1 in Necromancy
  7661 | Bailey   | Entered a bailey
  8190 | Bailey   | Identified the +10 great sword "Syimun" {venom, rElec}
  8222 | Bailey   | Reached XP level 10. HP: 70/70 MP: 0/16
  8495 | D:8      | Found a shattered altar of Ashenzari.
  8973 | D:9      | Reached * piety under Kikubaaqudgha
  8973 | D:9      | Identified Kikubaaqudgha's Handbook of Evil (Kikubaaqudgha
                  | gifted it to you on level 9 of the Dungeon)
  8973 | D:9      | Received a gift from Kikubaaqudgha
  8978 | D:9      | Learned a level 2 spell: Sublimation of Blood
  9128 | D:9      | Found a sparkling altar of Nemelex Xobeh.
  9138 | D:9      | Reached skill level 5 in Spellcasting
  9246 | D:9      | Noticed Prince Ribbit
  9263 | D:9      | Killed Prince Ribbit
  9263 | D:9      | Reached skill level 2 in Necromancy
  9358 | D:9      | Noticed Harold
  9376 | D:9      | Killed Harold
  9430 | D:9      | Reached skill level 3 in Necromancy
  9714 | D:9      | Reached skill level 5 in Fighting
  9714 | D:9      | Reached skill level 5 in Armour
  9730 | D:9      | Noticed Psyche
  9741 | D:9      | Killed Psyche
  9825 | D:10     | Entered Level 10 of the Dungeon
 10085 | D:10     | Reached XP level 11. HP: 62/80 MP: 18/20
 10090 | D:10     | Reached skill level 5 in Dodging
 10300 | D:10     | Noticed Maurice
 10330 | D:10     | Killed Maurice
 10330 | D:10     | Reached skill level 4 in Necromancy
 10454 | D:10     | Noticed a brown ugly thing
 10459 | D:10     | Killed a brown ugly thing
 10500 | D:10     | Noticed Urug
 10549 | D:10     | Killed Urug
 10837 | D:10     | Noticed Fannar
 10847 | D:10     | Killed Fannar
 10847 | D:10     | Reached skill level 5 in Necromancy
 11048 | D:11     | Reached ** piety under Kikubaaqudgha
 11369 | D:11     | Noticed a seven-headed hydra
 11436 | D:11     | HP: 4/83 [seven-headed hydra (5)]
 11469 | D:11     | HP: 1/83 [seven-headed hydra (9)]
 11854 | D:11     | Killed a seven-headed hydra
 11962 | D:11     | Found a staircase to the Lair.
 12159 | D:11     | Noticed a two-headed ogre
 12189 | D:11     | Killed a two-headed ogre
 12453 | D:11     | Reached XP level 12. HP: 77/91 MP: 11/23
 12689 | D:12     | Learned a level 5 spell: Dispel Undead
 12695 | D:12     | Learned a level 5 spell: Bolt of Draining
 12704 | D:12     | Reached skill level 6 in Necromancy
 12732 | D:12     | Reached skill level 7 in Necromancy
 12846 | D:12     | Reached skill level 8 in Necromancy
 12934 | D:12     | Found a staircase to the Orcish Mines.
 13130 | D:12     | Reached *** piety under Kikubaaqudgha
 13130 | D:12     | Identified Kikubaaqudgha's Tome of Evil (Kikubaaqudgha
                  | gifted it to you on level 12 of the Dungeon)
 13130 | D:12     | Received a gift from Kikubaaqudgha
 13151 | D:12     | Reached skill level 9 in Necromancy
 13292 | D:12     | Found an opulent altar of Gozag.
 13331 | Orc:1    | Entered Level 1 of the Orcish Mines
 13331 | Orc:1    | Noticed Erolcha
 13331 | Orc:1    | Noticed an ettin
 13332 | Orc:1    | Noticed Josephine
 13342 | Orc:1    | Noticed Sonja
 13364 | Orc:1    | Noticed Jorgrun
 13377 | Orc:1    | HP: 4/91 [Jorgrun/uncursed staff of earth (7)]
 13378 | Orc:1    | Slain by an orc warrior

Levels and vault maps discovered:
D:1:      minmay_arrival_open_corners, layout_loops_cross
D:2:      layout_basic, grunt_temple_overflow_open, uniq_robin
D:3:      layout_loops_ring, cheibriados_altar_1, marbit_many_paths,
          first_ration, minmay_misc_feat_diagonals, uniq_sigmund
D:4:      layout_rooms, kennysheep_little_box
D:5:      layout_layer_cave, old_standard_altar, kennysheep_okawaru_gauntlet,
          grunt_dithmenos_smoke_and_mirrors, serial_shops, shop,
          ebering_ghost_gozag, uniq_edmund
D:6:      kennysheep_orc_sif_temple, layout_basic, old_standard_altar,
          nicolae_overflow_crystal_walls, uniq_pikel
D:7:      layout_basic, lemuel_coloured_pillars_altar,
          minmay_temple_entry_sparse_star, serial_shops,
          nicolae_shop_statue_plus, minmay_small_thing
D:8:      layout_basic, lemuel_crystal_altar, enter_bailey_2
D:9:      layout_irregular_city, lemuel_doored_altar, hangedman_fish_farm,
          uniq_psyche, uniq_harold, uniq_prince_ribbit1
D:10:     layout_gridville, uniq_fannar, uniq_maurice, uniq_urug
D:11:     layout_cave_pods, david_lair_shrubbed, minmay_strange_pillars,
          kb_lookout_dungeons_type
D:12:     layout_basic, orc_0_dummy,
          nicolae_gozag_cash_rules_everything_around_me
Temple:   grunt_temple_mini_profane
Orc:1:    layout_caves, nicolae_orc_sculptors_studio, uniq_erolcha,
          uniq_jorgrun, uniq_nergalle, uniq_josephine, uniq_sonja

Skill      XL: |  1  2  3  4  5  6  7  8  9 10 11 12 |
---------------+-------------------------------------+-----
Conjurations   | 1 2 3 4 6 |  6.0
Fire Magic     | 3 6 |  6.1
Air Magic      | 2 5 |  5.1
Dodging        | 3 4 6 |  6.4
Fighting       | 3 5 7 |  7.2
Armour         | 3 5 7 |  7.2
Necromancy     | 1 3 5 9 |  9.1
Spellcasting   | 4 6 7 |  7.4
Stealth        | |  2.4
Summonings     | |  1.0
Translocations | |  0.8

Action                   |  1- 3 |  4- 6 |  7- 9 | 10-12 || total
-------------------------+-------+-------+-------+-------++-------
Melee: Short sword       |     2 |     7 |    18 |       ||    27
       Trident           |       |    16 |    11 |       ||    27
       Halberd           |       |       |   139 |    18 ||   157
       Great sword       |       |       |       |    97 ||    97
       Staff             |       |       |       |     8 ||     8
 Fire: Hunting sling     |       |    96 |    76 |    19 ||   191
Throw: Javelin           |       |       |    12 |       ||    12
 Cast: Magic Dart        |    78 |    50 |    24 |   114 ||   266
       Conjure Flame     |       |     7 |    34 |    59 ||   100
       Mephitic Cloud    |       |     6 |    26 |    47 ||    79
       Dispel Undead     |       |       |       |     4 ||     4
       Bolt of Draining  |       |       |       |     2 ||     2
 Abil: Dig               |    11 |     4 |    22 |    26 ||    63
       Shaft Self        |       |       |       |     1 ||     1
Evoke: Wand              |       |       |     1 |     2 ||     3
  Use: Scroll            |       |     5 |     7 |     5 ||    17
       Potion            |       |       |       |     2 ||     2
 Stab: Confused          |       |       |     8 |     6 ||    14
       Sleeping          |       |       |     1 |       ||     1
  Eat: Chunk             |     3 |     9 |    31 |    19 ||    62
Armor: Robe              |     5 |     1 |     8 |    16 ||    30
       Leather armour    |       |       |    10 |    13 ||    23
       Skin              |       |       |       |    11 ||    11
Dodge: Dodged            |    17 |    19 |    77 |    80 ||   193
       Deflected         |       |       |       |     5 ||     5
       Rpst.: Great sword |       |       |       |    19 ||    19
